 Dungeon Crawl Stone Soup version 0.32-a0-630-g46d191b0ed (webtiles) character file.

Game seed: 15525593949622831916

58 funkygono the Firebug (level 3, 0/19 HPs)
             Began as a Deep Elf Fire Elementalist on Mar 6, 2024.
             Slain by a gnoll
             ... wielding a +3 spear
              (6 damage)
             ... on level 2 of the Dungeon.
             The game lasted 00:01:22 (973 turns).

funkygono the Firebug (Deep Elf Fire Elementalist)   Turns: 973, Time: 00:01:22

Health: 0/19       AC:  2    Str:  5    XL:     3   Next: 76%
Magic:  1/10       EV: 12    Int: 21    God:
Gold:   57         SH:  0    Dex: 15    Spells: 7/10 levels left

rFire   . . .        d - +0 dagger
rCold   . . .        (no shield)
rNeg    . . .        a - +0 robe
rPois   .            (no helmet)
rElec   .            (no cloak)
rCorr   .            (no gloves)
SInv    .            (no boots)
Will    .....        (no amulet)
Stlth   ++           (no ring)
HPRegen 0.23/turn    (no ring)
MPRegen 0.12/turn

%: no passive effects
@: very slightly contaminated
A: no striking features
a: no special abilities


You were on level 2 of the Dungeon.
You visited 1 branch of the dungeon, and saw 2 of its levels.

You collected 57 gold pieces.

Inventory:

Hand Weapons
 d - a +0 dagger (weapon)
Armour
 a - a +0 robe (worn)
Scrolls
 e - a scroll of torment {unknown}
 f - a scroll of fog {unknown}
 g - a scroll of revelation {unknown}
 h - a scroll of blinking {unknown}
Potions
 b - a potion of magic
 c - a potion of heal wounds {unknown}


   Skills:
 + Level 2.6 Dodging
 + Level 2.7 Stealth
 + Level 4.1 Spellcasting
 + Level 1.6 Conjurations
 + Level 4.2 Fire Magic


You had 7 spell levels left.
You knew the following spells:

 Your Spells              Type           Power      Damage    Failure   Level
a - Foxfire               Conj/Fire      64%        2x1d7     3%          1
b - Scorch                Fire           44%        2d6       3%          2

Your spell library contained the following spells:

 Spells                   Type           Power      Damage    Failure   Level
 Inner Flame              Hex/Fire       13%        N/A       16%         3
 Volatile Blastmotes      Fire/Tloc      26%        2d12      16%         3
 Flame Wave               Conj/Fire      16%        2d7       34%         4


Dungeon Overview and Level Annotations

Branches:
Dungeon (2/15)

Altars:


Message History

You are very lightly contaminated with residual magic.
Nothing appears to happen.
The foxfire hits the gnoll but does no damage. x2
Casting: Foxfire (safe; 3% risk of failure)
Confirm with . or Enter, or press ? or * to list all spells.
You conjure some foxfire!
Unknown command.
Casting: Foxfire (safe; 3% risk of failure)
Confirm with . or Enter, or press ? or * to list all spells.
Flames lash the gnoll.
The gnoll is heavily wounded.
The gnoll's fire resistance burns away.
The foxfire hits the gnoll!
The gnoll is burned terribly!
You kill the gnoll!
The foxfire hits the giant cockroach but does no damage.
Casting: Scorch (safe; 3% risk of failure)
Confirm with . or Enter, or press ? or * to list all spells.
You conjure some foxfire!
The foxfire hits the giant cockroach but does no damage.
Casting: Foxfire (safe; 3% risk of failure)
Confirm with . or Enter, or press ? or * to list all spells.
You conjure some foxfire!
The foxfire hits the giant cockroach.
You kill the giant cockroach!
The gnoll closely misses you.
Unknown command.
Casting: Foxfire (safe; 3% risk of failure)
Confirm with . or Enter, or press ? or * to list all spells.
Flames lash the gnoll.
The gnoll is moderately wounded.
The gnoll's fire resistance burns away.
The foxfire hits the gnoll.
The gnoll is lightly wounded.
The foxfire hits the gnoll but does no damage.
The gnoll is lightly wounded.
The gnoll hits you with a +0 club.
The gnoll hits you from afar with a +3 spear!
Casting: Scorch (safe; 3% risk of failure)
Confirm with . or Enter, or press ? or * to list all spells.
You conjure some foxfire!
The gnoll hits you from afar with a +3 spear.
You die...

######### #.......#
#.#####.#
#########.# #.#
#.........#####.##
###.##..............
#.§v##.###........##
#.v@...# #....#####
#...g†#### #.....#
#.##.g# #....## #
#..# #.#.## ....
...#.# #.#.# ####.#
#.#.# ....#


You could see 2 gnolls.

Vanquished Creatures
  A gnoll (D:2)
  2 adders (D:2)
  A dart slug (D:1)
  A bat (D:2)
  An endoplasm (D:2)
  A giant cockroach (D:2)
  2 goblins (D:2)
  12 jackals (D:1)
  A kobold (D:1)
  A ball python (D:1)
  A frilled lizard (D:2)
  A rat (D:2)
25 creatures vanquished.

Vanquished Creatures (others)
  64 foxfires
64 creatures vanquished.

Grand Total: 89 creatures vanquished

Notes
Turn   | Place    | Note
-------+----------+-------------------------------------------
     0 | D:1      | funkygono the Deep Elf Fire Elementalist began the quest
                  | for the Orb.
     0 | D:1      | Reached XP level 1. HP: 10/10 MP: 6/6
    82 | D:1      | Reached XP level 2. HP: 13/15 MP: 1/8
    85 | D:1      | Learned a level 2 spell: Scorch
   732 | D:2      | Reached XP level 3. HP: 19/19 MP: 5/10
   780 | D:2      | Found a faded altar of an unknown god.
   973 | D:2      | Slain by a gnoll

Illustrated notes

Levels and vault maps discovered:
D:1:      dpeg_arrival_refuge, layout_rooms
D:2:      layout_loops_corners, hellmonk_ecumenical_altar_arch_garden,
          serial_shops, nicolae_shop_peninsula, minmay_between,
          uniq_crazy_yiuf_cottage, uniq_robin

Skill      XL: |  1  2  3 |
---------------+----------+-----
Fire Magic     | 4 |  4.2
Spellcasting   | 4 |  4.1
Dodging        | |  2.6
Stealth        | |  2.7
Conjurations   | |  1.6

Action                     || total
---------------------------++-------
  Melee: Unarmed           ||     2
   Cast: Foxfire           ||    37
         Scorch            ||     8
 Armour: Robe              ||     5
  Dodge: Dodged            ||     2

Table legend: (Time is in decaauts)
 A = Elapsed time spent in this place.
 B = Non-inter-level travel time spent in this place.
 C = Inter-level travel time spent in this place.
 D = Time resting spent in this place.
 E = Time spent auto-exploring this place.
 F = Levels seen in this place.
 G = Mean time per level.
                   A        B        C        D        E       F      G
               +--------+--------+--------+--------+--------+-----+--------+
         Total |    972 |    962 |     10 |      0 |    824 |   2 |  486.0 |
       Dungeon |    972 |    962 |     10 |      0 |    824 |   2 |  486.0 |
               +--------+--------+--------+--------+--------+-----+--------+

Top non-repeatable levels by time:
     D:1: 656 daAuts
     D:2: 315 daAuts
